 Dungeon Crawl Stone Soup version 0.31.0-11-ge490571c62 (webtiles) character file.

Game seed: 4004311552768353973

146 Ruich the Apothecary (level 5, -26/33 HPs)
             Began as an Octopode Alchemist on Feb 2, 2024.
             Was an Initiate of Ashenzari.
             Killed by an exploding orc wizard (30 damage)
             ... ignited by their inner flame
             ... on level 3 of the Dungeon.
             The game lasted 00:18:42 (3762 turns).

Ruich the Apothecary (Octopode Alchemist)           Turns: 3762, Time: 00:18:43

Health: -26/33     AC:  1    Str:  8    XL:     5   Next: 28%
Magic:  1/8        EV: 13    Int: 17    God:    Ashenzari [......]
Gold:   117        SH:  0    Dex: 14    Spells: 2/8 levels left

rFire   . . .        l - +1 dagger (venom)
rCold   . . .        (no shield)
rNeg    . . .        (helmet restricted)
rPois   .            (no amulet)
rElec   .            (no ring)
rCorr   .            (no ring)
SInv    .            (no ring)
Will    .....        (no ring)
Stlth   +++          (no ring)
HPRegen 0.25/turn    (no ring)
MPRegen 0.11/turn    (no ring)
                     (no ring)

%: no passive effects
@: no status effects
A: almost no armour, amphibious, 8 rings, camouflage 1, gelatinous body 1,
(nimble swimmer 1), tentacles
a: Renounce Religion


You were on level 3 of the Dungeon.
You worshipped Ashenzari.
Ashenzari was noncommittal.
You visited 1 branch of the dungeon, and saw 3 of its levels.

You collected 117 gold pieces.


Innate Abilities, Weirdness & Mutations

You cannot wear most types of armour.
You are amphibious.
You can wear up to eight rings at the same time.
Your skin changes colour to match your surroundings (Stealth+).
Your rubbery body absorbs attacks. (AC +1, EV +1)
((You are camouflaged when in or above water. (Stealth+)))
You have tentacles for arms and can constrict up to eight enemies at once.


   Skills:
 + Level 1.0 Fighting
 - Level 2.4 Dodging
 - Level 3.4 Stealth
 + Level 2.1 Spellcasting
 + Level 1.4 Conjurations
 + Level 0.8 Air Magic
 * Level 5.3 Alchemy


You had 2 spell levels left.
You knew the following spells:

 Your Spells              Type           Power      Damage    Failure   Level
m - Mephitic Cloud        Conj/Alch/Air  10%        N/A       21%         3
x - Mercury Vapours       Alch/Air       24%        N/A       9%          2
z - Sting                 Conj/Alch      52%        1d6       4%          1

Your spell library contained the following spells:

 Spells                   Type           Power      Damage    Failure   Level
 Olgreb's Toxic Radiance  Alch           19%        N/A       22%         4
 Sticky Flame             Fire/Alch      10%        2d5       54%         4

Inventory:

Hand Weapons
 l - a +1 dagger of venom (weapon)
Missiles
 b - 31 stones
 f - 5 boomerangs (quivered)
 m - 2 poisoned darts
Scrolls
 c - 5 scrolls of identify {unknown}
 d - a scroll of immolation
 g - 2 scrolls of vulnerability {unknown}
 h - a scroll of fear {unknown}
 j - a scroll of blinking {unknown}
 k - a scroll of teleportation {unknown}
 p - a scroll of brand weapon {unknown}
Potions
 a - a potion of magic
 e - a potion of degeneration {unknown}
 i - 3 potions of curing {unknown}
 n - a potion of haste {unknown}
 o - a potion of brilliance {unknown}

Dungeon Overview and Level Annotations

Branches:
Dungeon (3/15)

Altars:
Ashenzari
Qazlal

Annotations:
D:1 exclusion: downstairs

#### #§§######
#)§.).o.# #○#####..#
░░░░░░░ #@# #.#
░.....░ #.# .o.
#░.PPP.░ ###.#####.
..# .'.P...░
#####............#
.'...⚑.░
#..........#### ..
.'.P...░##..........#
#...
.░.PPP.░............#
#.#
.░.....░............#
#.#
.░░░░░░░..######.####
#.#


There were no monsters in sight!


Message History

A magic dart appears from out of thin air!
The magic dart hits you!
* * * LOW HITPOINT WARNING * * *
Unknown command.
As you read the scroll labelled ZIHAEH UCIXKY, it crumbles to dust.
The creatures around you are filled with an inner flame!
It was a scroll of immolation.
Unknown command.
Casting: Sting (safe; 4% risk of failure)
Confirm with . or Enter, or press ? or * to list all spells.
Aiming: Sting (safe; 4% risk of failure)
Press: ? - help, Shift-Dir - straight line, f - goblin
Aim: a goblin, wielding a +0 dagger (inner flame, 64% to hit)
The sting hits something but does no damage.
Flame seeps out of something. x2; Something hits you.
* * * LOW HITPOINT WARNING * * *
Casting: Sting (safe; 4% risk of failure)
Confirm with . or Enter, or press ? or * to list all spells.
Aiming: Sting (safe; 4% risk of failure)
Press: ? - help, Shift-Dir - straight line, f/p - goblin
Aim: a goblin, wielding a +0 dagger (inner flame, 64% to hit)
The sting hits the goblin.
The goblin is poisoned.
The goblin explodes!
The fiery explosion engulfs something!
Reactivating autopickup.
You feel a bit more experienced.
The orc wizard explodes!
The fiery explosion engulfs you!!
Ouch! That really hurt!
You die...

Skill      XL: |  1  2  3  4 |
---------------+-------------+-----
Stealth        | 3 |  3.4
Alchemy        | 4 5 |  5.3
Fighting       | 1 |  1.0
Dodging        | |  2.4
Spellcasting   | |  2.1
Conjurations   | |  1.4
Air Magic      | |  0.8

Action                     |  1- 3 |  4- 6 || total
---------------------------+-------+-------++-------
  Melee: Unarmed           |     4 |       ||     4
         Constrict         |     7 |     3 ||    10
         Dagger            |     6 |    11 ||    17
         Punch             |     1 |       ||     1
         Whip              |    11 |       ||    11
         Tentacles         |     1 |     1 ||     2
  Throw: Dart              |     7 |       ||     7
         Boomerang         |       |    11 ||    11
   Cast: Sting             |    77 |    41 ||   118
         Mercury Vapours   |     1 |     2 ||     3
    Use: Scroll            |       |     1 ||     1
 Armour: Skin              |    23 |    16 ||    39
  Dodge: Dodged            |    25 |    19 ||    44

Levels and vault maps discovered:
D:1:      pf_arrival_petrified_forest, layout_loops_cross,
          shapermc_ecumenical_altar_mp_urbaneastern, corexii_hall_statues_x,
          st_stairs_5, minmay_tiny_reverse_x
D:2:      minmay_evil_eye, layout_basic, minmay_surrounded
D:3:      layout_rooms, mainiacjoe_overflow_alcove_4,
          mainiacjoe_overflow_concentric_impassable, general_overflow_altar,
          minmay_misc_feat_cross, nicolae_the_louvre

Notes
Turn   | Place    | Note
-------+----------+-------------------------------------------
     0 | D:1      | Ruich the Octopode Alchemist began the quest for the Orb.
     0 | D:1      | Reached XP level 1. HP: 11/11 MP: 3/3
   233 | D:1      | Reached skill level 3 in Stealth
   233 | D:1      | Reached XP level 2. HP: 13/17 MP: 0/5
   483 | D:1      | Learned a level 2 spell: Mercury Vapours
  1076 | D:1      | Reached skill level 4 in Alchemy
  1076 | D:1      | Reached XP level 3. HP: 21/21 MP: 1/6
  1452 | D:1      | Found a faded altar of an unknown god.
  2001 | D:2      | Reached XP level 4. HP: 6/27 MP: 0/7
  2164 | D:2      | Learned a level 3 spell: Mephitic Cloud
  2223 | D:2      | Reached skill level 5 in Alchemy
  3211 | D:3      | Found a broken altar of Ashenzari.
  3220 | D:3      | Became a worshipper of Ashenzari the Shackled
  3616 | D:3      | Found a stormy altar of Qazlal.
  3647 | D:3      | Reached skill level 1 in Fighting
  3647 | D:3      | Reached XP level 5. HP: 33/33 MP: 2/8
  3762 | D:3      | Killed by an exploding orc wizard... ignited by their inner
                  | flame

Vanquished Creatures
  An orc priest (D:3)
  2 orc wizards
  2 adders (D:2)
  A gnoll (D:2)
  A dart slug (D:2)
  A ribbon worm (D:2)
  3 orcs (D:3)
  6 bats
  7 endoplasms
  2 giant cockroaches
  4 hobgoblins
  A jackal (D:2)
  7 kobolds
  3 quokkas
  8 ball pythons
  3 frilled lizards (D:1)
  4 goblins
  5 rats
61 creatures vanquished.

Table legend: (Time is in decaauts)
 A = Elapsed time spent in this place.
 B = Non-inter-level travel time spent in this place.
 C = Inter-level travel time spent in this place.
 D = Time resting spent in this place.
 E = Time spent auto-exploring this place.
 F = Levels seen in this place.
 G = Mean time per level.
                   A        B        C        D        E       F      G
               +--------+--------+--------+--------+--------+-----+--------+
         Total |   3766 |   3647 |    119 |   1470 |   1449 |   3 | 1255.3 |
       Dungeon |   3766 |   3647 |    119 |   1470 |   1449 |   3 | 1255.3 |
               +--------+--------+--------+--------+--------+-----+--------+

Top non-repeatable levels by time:
     D:2: 1549 daAuts
     D:1: 1536 daAuts
     D:3: 680 daAuts

Table legend:
 A = Non-vault XP
 B = Vault XP
 C = Vault XP percentage of total XP
 D = Non-vault monster count
 E = Vault monster count
 F = Vault count percentage of total count
                 A         B        C        D         E       F
            +---------+---------+-------+---------+---------+-------
      Total |     177 |      68 |  27.8 |      48 |      13 |  21.3
            +---------+---------+-------+---------+---------+-------
        D:1 |      39 |       6 |  13.3 |      25 |       4 |  13.8
        D:2 |      48 |      62 |  56.4 |      14 |       9 |  39.1
        D:3 |      90 |       0 |   0.0 |       9 |       0 |   0.0
            +---------+---------+-------+---------+---------+-------
